 Dungeon Crawl Stone Soup version 0.31.0-12-g77e489cdc1 (webtiles) character file.

Game seed: 18367644026189949289

3774 BlackCrag the Thaumaturge (level 9, -9/47 HPs)
             Began as a Deep Elf Earth Elementalist on Mar 6, 2024.
             Was a Priest of Sif Muna.
             Mangled by an orc warrior
             ... wielding a +0 battleaxe
              (10 damage)
             ... on level 8 of the Dungeon.
             The game lasted 00:39:59 (9224 turns).

BlackCrag the Thaumaturge (DEEE)                    Turns: 9224, Time: 00:40:00

Health: -9/47      AC:  4    Str:  5    XL:     9   Next: 95%
Magic:  12/36      EV: 15    Int: 25    God:    Sif Muna [***...]
Gold:   503        SH:  0    Dex: 24    Spells: 9/32 levels left

rFire   + + +        n - +2 short sword (protect)
rCold   + . .        (no shield)
rNeg    . . .        a - +0 robe
rPois   .            (no helmet)
rElec   .            y - scarf {rC+ rF+}
rCorr   .            r - +1 pair of gloves of the Hidden Lives {rF+++ Will- Dex+3 SInv}
SInv    +            (no boots)
Will    .....        (no amulet)
Stlth   +++          z - +6 ring of dexterity
HPRegen 0.27/turn    B - ring of magical power
MPRegen 0.25/turn

%: no passive effects
@: no status effects
A: no striking features
a: Renounce Religion, Channel Magic, Forget Spell


You were on level 8 of the Dungeon.
You worshipped Sif Muna.
Sif Muna was most pleased with you.
You visited 2 branches of the dungeon, and saw 9 of its levels.

You collected 613 gold pieces.
You spent 110 gold pieces at shops.

Inventory:

Hand Weapons
 n - a +2 short sword of protection (weapon)
Armour
 a - a +0 robe (worn)
 r - the +1 pair of gloves of the Hidden Lives (worn) {rF+++ Will- Dex+3 SInv}
   (You found it on level 4 of the Dungeon)

   Dex+3:     It affects your dexterity (+3).
   rF+++:     It renders you almost immune to fire.
   Will-:     It decreases your willpower.
   SInv:      It lets you see invisible.
 y - a scarf of resistance (worn)
Jewellery
 v - a ring of protection from fire
 z - a +6 ring of dexterity (left hand)
 B - a ring of magical power (right hand)
 E - a ring of ice
 F - a ring of protection from fire
Wands
 t - a wand of paralysis (3)
 I - a wand of iceblast (5)
Scrolls
 c - a scroll of fog {unknown}
 d - a scroll of vulnerability {unknown}
 f - a scroll of fear
 g - a scroll of silence {unknown}
 i - 2 scrolls of amnesia
 j - a scroll of blinking {unknown}
 o - 7 scrolls of teleportation
 p - 2 scrolls of enchant armour {unknown}
 w - a scroll of noise {unknown}
 x - a scroll of revelation
 A - a scroll of immolation {unknown}
 C - 2 scrolls of brand weapon
Potions
 b - 2 potions of magic
 e - 2 potions of haste
 h - 5 potions of curing
 l - a potion of mutation
 m - 2 potions of enlightenment {unknown}
 q - 4 potions of heal wounds
 s - 2 potions of brilliance
 u - a potion of attraction {unknown}
 D - a potion of might {unknown}
 G - a potion of resistance {unknown}
 H - a potion of invisibility {unknown}


   Skills:
 + Level 1.3 Fighting
 + Level 1.5 Short Blades
 + Level 3.9 Dodging
 + Level 3.6 Stealth
 * Level 12.2 Spellcasting
 * Level 6.0 Conjurations
 + Level 8.8 Earth Magic
 + Level 1.7 Alchemy
 + Level 3.5 Invocations


You had 9 spell levels left.
You knew the following spells:

 Your Spells              Type           Power      Damage    Failure   Level
a - Sandblast             Erth           100%       2d20      1%          1
b - Passwall              Erth           56%        N/A       1%          3
c - Stone Arrow           Conj/Erth      100%       3d13      1%          3
d - Petrify               Alch/Erth      41%        N/A       4%          4
e - Fulminant Prism       Conj/Alch      17%        3d11      8%          4
f - Iskenderun's Mystic   Conj/Tloc      30%        2d8       11%         4
g - Brom's Barrelling Bo  Conj/Erth      51%        2d7       1%          4

Your spell library contained the following spells:

 Spells                   Type           Power      Damage    Failure   Level
 Cigotuvi's Dreadful Rot  Necr/Alch/Air  36%        N/A       4%          2
 Jinxbite                 Hex            30%        N/A       6%          2
 Gell's Gravitas          Tloc           15%        N/A       12%         3
 Teleport Other           Tloc           15%        N/A       12%         3
 Volatile Blastmotes      Fire/Tloc      30%        2d12      12%         3
 Dispel Undead            Necr           15%        3d10      36%         4
 Martyr's Knell           Necr/Summ      15%        N/A       36%         4
 Yara's Violent Unravell  Hex/Alch       9%         3d6       58%         5
 Death Channel            Necr           7%         N/A       99%         6
 Dispersal                Tloc           7%         N/A       99%         6
 Enfeeble                 Hex            7%         N/A       100%        7


Dungeon Overview and Level Annotations

Branches:
Dungeon (8/15)             Temple (1/1) D:4            Lair (0/5) D:8

Altars:
Ashenzari
Cheibriados
Dithmenos
Elyvilon
Fedhas
Gozag
Hepliaklqana
Kikubaaqudgha
Makhleb
Nemelex Xobeh
Okawaru
Qazlal
Ru
Sif Muna
Trog
Uskayaw
Vehumet
Wu Jian
Xom
Yredelemnul
Zin
The Shining One

Shops:
D:5 !

Annotations:
D:8 3 runed translucent doors


Message History

You kill the orc wizard!
Sif Muna accepts your kill.
The blast of energy engulfs the orc wizard!
You kill the orc wizard!
Sif Muna accepts your kill.
The blast of energy engulfs the howler monkey!!
You kill the howler monkey!
Sif Muna accepts your kill.
The blast of energy engulfs the ice beast!
You kill the ice beast!
Sif Muna accepts your kill.
The blast of energy engulfs the orc warrior!
The orc warrior is moderately wounded.
The blast of energy engulfs you!
You hear a bellow! x4
Your Conjurations skill increases to level 6!
You bump into the rock wall.
The orc warrior closely misses you.
The orc warrior hits you with a +0 battleaxe!!
* * * LOW HITPOINT WARNING * * *
You feel much better. The orc warrior barely misses you.
You feel less confused.
The orc warrior attacks as it pursues you!
The orc warrior hits you with a +0 battleaxe!
* * * LOW HITPOINT WARNING * * *
Casting: Fulminant Prism (dangerous; 8% risk of failure)
Confirm with . or Enter, or press ? or * to list all spells.
Aiming: Stone Arrow (safe; 1% risk of failure)
Press: ? - help, Shift-Dir - straight line, f - orc warrior
Aim: an orc warrior, wielding a +0 battleaxe and wearing a +0 plate armour (moderately wounded, 78% to hit)
The stone arrow misses the orc warrior.
The orc warrior hits you with a +0 battleaxe!
* * * LOW HITPOINT WARNING * * *
Casting: Stone Arrow (safe; 1% risk of failure)
Confirm with . or Enter, or press ? or * to list all spells.
Aiming: Petrify (dangerous; 4% risk of failure)
Press: ? - help, Shift-Dir - straight line, f/p - orc warrior
Aim: an orc warrior, wielding a +0 battleaxe and wearing a +0 plate armour (moderately wounded, chance to affect: 67%)
The orc warrior struggles to resist.
The orc warrior hits you with a +0 battleaxe!
You die...

,,,,,,** #.........#
,,,,,,,*##.........#
,,,,,,,,...........#
,,,,,,**##.?.†..)?## ,,,,,,*
#.....).†# #..,,** ##....#).#
...*,* *#.....#..# ..,#,*
#......#o.#
#..#.#**#......#@.#************
#......,...#...#..#*,,,,,,,,,,*
#.##...,,....,,#.>.#,,,,,,,,,,*
....[.#********......,,,,,,,,,*
.....##,,,,,,,##.#....,,,,,,,,*
.....#(,*,***,,#.#......,,,,>,*
..#####,*,,*,,*#.#..####*******
..>.##.*****,**....##
.....##,*,**,,**,*,*


You could see an orc warrior.

Vanquished Creatures
  Jeremiah (D:6)
  A wyvern (D:8)
  Eustachio (D:4)
  3 water moccasins (D:7)
  Duvessa (D:7)
  An orc warrior (D:7)
  2 ice beasts
  3 sky beasts
  The ghost of ebbelito1337 the Chopper, an amateur HOBe of Trog (D:4)
  2 ogres
  2 centaurs
  A phantom (D:6)
  A bullfrog (D:7)
  Blork the orc (D:5)
  4 scorpions
  Dowan (D:7)
  5 killer bees (D:8)
  A bombardier beetle (D:5)
  3 howler monkeys
  3 quasits (D:4)
  2 hounds (D:4)
  3 orc priests
  2 jellies (D:6)
  3 sleepcaps
  6 iguanas
  8 orc wizards
  6 gnolls
  6 adders
  A shadow imp (D:6)
  2 ufetubi (D:4)
  2 ribbon worms
  22 orcs
  6 endoplasms
  4 giant cockroaches
  13 goblins
  10 hobgoblins
  3 jackals (D:1)
  5 quokkas
  6 ball pythons
  3 bats
  3 frilled lizards
  14 kobolds
  3 rats
171 creatures vanquished.

Vanquished Creatures (collateral kills)
  3 boulders (D:6)
3 creatures vanquished.

Vanquished Creatures (others)
  A boulder (D:6)
  7 fulminant prisms
8 creatures vanquished.

Grand Total: 182 creatures vanquished

Notes
Turn   | Place    | Note
-------+----------+-------------------------------------------
     0 | D:1      | BlackCrag the Deep Elf Earth Elementalist began the quest
                  | for the Orb.
     0 | D:1      | Reached XP level 1. HP: 10/10 MP: 6/6
   274 | D:1      | Reached XP level 2. HP: 15/15 MP: 6/8
  1334 | D:2      | Reached XP level 3. HP: 19/19 MP: 7/10
  1338 | D:2      | Learned a level 3 spell: Passwall
  1342 | D:2      | Learned a level 3 spell: Stone Arrow
  1597 | D:2      | Reached skill level 4 in Spellcasting
  2053 | D:3      | Reached XP level 4. HP: 24/24 MP: 9/12
  2102 | D:3      | Learned a level 4 spell: Petrify
  2168 | D:3      | Found a hide-covered altar of Uskayaw.
  2772 | D:4      | Noticed Eustachio
  2836 | D:4      | Noticed a scorpion
  2842 | D:4      | Killed a scorpion
  2843 | D:4      | Reached skill level 5 in Spellcasting
  2843 | D:4      | Reached XP level 5. HP: 22/28 MP: 3/14
  2948 | D:4      | Found an iron altar of Okawaru.
  2953 | D:4      | Killed Eustachio
  2954 | D:4      | Reached skill level 6 in Spellcasting
  2954 | D:4      | Reached skill level 5 in Earth Magic
  2954 | D:4      | Reached XP level 6. HP: 32/32 MP: 6/17
  3168 | D:4      | Identified the +1 pair of gloves of the Hidden Lives {rF+++
                  | Will- Dex+3 SInv}
  3180 | D:4      | Reached skill level 7 in Spellcasting
  3410 | D:4      | Found a staircase to the Ecumenical Temple.
  3428 | Temple   | Entered the Ecumenical Temple
  3434 | Temple   | Became a worshipper of Sif Muna the Loreminder
  3805 | D:4      | Reached XP level 7. HP: 36/36 MP: 5/20
  3941 | D:4      | Found a transporter.
  3945 | D:4      | Noticed ebbelito1337's ghost (amateur HOBe)
  3972 | D:4      | Found a transporter.
  4045 | D:4      | Reached skill level 8 in Spellcasting
  4399 | D:5      | Entered Level 5 of the Dungeon
  4585 | D:5      | Reached skill level 1 in Invocations
  4797 | D:5      | Reached skill level 1 in Short Blades
  5075 | D:5      | Reached * piety under Sif Muna
  5162 | D:5      | Noticed Blork the orc
  5166 | D:5      | Killed Blork the orc
  5167 | D:5      | Reached XP level 8. HP: 41/41 MP: 10/22
  5558 | D:5      | Reached ** piety under Sif Muna
  5640 | D:5      | Learned a level 4 spell: Fulminant Prism
  5645 | D:5      | Learned a level 4 spell: Iskenderun's Mystic Blast
  5814 | D:5      | Reached skill level 9 in Spellcasting
  5920 | D:5      | Found Laohy's Distillery.
  6073 | D:5      | Bought 2 potions of heal wounds for 110 gold pieces
  6414 | D:4      | Killed ebbelito1337's ghost
  6965 | D:6      | Noticed Jeremiah
  7041 | D:6      | Learned a level 4 spell: Brom's Barrelling Boulder
  7072 | D:6      | Killed Jeremiah
  7073 | D:6      | Reached skill level 10 in Spellcasting
  7402 | D:6      | Reached XP level 9. HP: 45/45 MP: 25/25
  7488 | D:6      | Found a radiant altar of Vehumet.
  8133 | D:7      | Reached skill level 1 in Fighting
  8231 | D:7      | Found a shimmering altar of Xom.
  8237 | D:7      | Found an opulent altar of Gozag.
  8239 | D:7      | Found a snail-covered altar of Cheibriados.
  8400 | D:7      | Reached skill level 11 in Spellcasting
  8563 | D:7      | Noticed Duvessa
  8563 | D:7      | Noticed Dowan
  8573 | D:7      | Killed Duvessa
  8574 | D:7      | Reached skill level 1 in Alchemy
  8577 | D:7      | Killed Dowan
  8720 | D:7      | Reached skill level 5 in Conjurations
  8947 | D:7      | Found a sparkling altar of Nemelex Xobeh.
  8956 | D:7      | Identified the -1 helmet "Wutups" {rF+ Str+2}
  9189 | D:8      | Found an ancient bone altar of Kikubaaqudgha.
  9196 | D:8      | Found a runed translucent gate.
  9198 | D:8      | Found a runed translucent gate.
  9198 | D:8      | Found a runed translucent gate.
  9198 | D:8      | Noticed a red ugly thing
  9199 | D:8      | Noticed a white ugly thing
  9200 | D:8      | Noticed a purple ugly thing
  9201 | D:8      | Noticed a glowing orange brain
  9204 | D:8      | Noticed a death yak
  9213 | D:8      | Reached *** piety under Sif Muna
  9214 | D:8      | Reached skill level 12 in Spellcasting
  9223 | D:8      | HP: 1/47 [orc warrior/+0 battleaxe (11)]
  9224 | D:8      | Mangled by an orc warrior

Illustrated notes

Levels and vault maps discovered:
D:1:      nzn_arrival_crosshair, layout_basic, serial_bayou_pond_a,
          hangedman_decor_lopped, wander_ebering_terrifying_dragon_lair
D:2:      layout_loops_ring
D:3:      layout_basic, nicolae_overflow_crystal_walls,
          hangedman_abyss_or_decor_stabs
D:4:      layout_loops_corners, okawaru_trees_2,
          minmay_temple_entry_stoned_glass, gammafunk_ghost_stat_death,
          uniq_eustachio
D:5:      corexii_shantytown, layout_loops_corners, nicolae_inconvenience_store,
          uniq_blork_the_orc
D:6:      layout_basic, mainiacjoe_overflow_surrounded_room, minmay_hedge_maze,
          grunt_ministairs_9, corner_web_ring, uniq_jeremiah
D:7:      wad_crossroads, layout_basic, gammafunk_temple_overflow_forgotten,
          old_standard_altar, uniq_duvessa
D:8:      layout_rooms, kiku_gazebo_pond_becter, dpeg_lair_monsters,
          enter_bailey_4, ploomutoo_gammafunk_ghost_potion_laboratory,
          minmay_small_thing
Temple:   eino_narrow_crystal_temple

Skill      XL: |  1  2  3  4  5  6  7  8  9 |
---------------+----------------------------+-----
Earth Magic    | 4 5 6 7 8 |  8.8
Spellcasting   | 4 5 6 7 8 10 12 | 12.2
Conjurations   | 2 4 6 |  6.0
Stealth        | 3 |  3.6
Invocations    | 2 3 |  3.5
Dodging        | 3 |  3.9
Short Blades   | 1 |  1.5
Fighting       | 1 |  1.3
Alchemy        | 1 |  1.7

Action                     |  1- 3 |  4- 6 |  7- 9 || total
---------------------------+-------+-------+-------++-------
  Melee: Dagger            |       |       |     4 ||     4
         Short sword       |       |       |    10 ||    10
   Cast: Sandblast         |    47 |    23 |    32 ||   102
         Passwall          |     2 |     2 |     4 ||     8
         Stone Arrow       |       |    27 |   111 ||   138
         Petrify           |       |     3 |    11 ||    14
         Brom's Barrelling |       |       |     4 ||     4
         Fulminant Prism   |       |       |     7 ||     7
         Iskenderun's Myst |       |       |     3 ||     3
    Use: Scroll            |       |     5 |     6 ||    11
         Potion            |       |       |     3 ||     3
 Armour: Robe              |     1 |     7 |    53 ||    61
  Dodge: Dodged            |     5 |     7 |    63 ||    75
